 Dungeon Crawl Stone Soup version 0.29.1-12-g30fa7ad0bf (webtiles) character file.

Game seed: 2851431378419736689

49 WillGOAT the Sneak (level 3, 0/18 HPs)
             Began as a Spriggan Enchanter on Jan 5, 2023.
             Slain by a goblin
             ... wielding a +0 dagger
             ... led by Robin
              (2 damage)
             ... on level 2 of the Dungeon.
             The game lasted 00:14:43 (2219 turns).

WillGOAT the Sneak (Spriggan Enchanter)             Turns: 2219, Time: 00:14:43

Health: 0/18       AC:  2    Str:  6    XL:     3   Next: 51%
Magic:  4/8        EV: 17    Int: 16    God:
Gold:   55         SH:  0    Dex: 15    Spells: 2/7 levels left

rFire   . . .      SeeInvis +   a - +1 dagger
rCold   . . .      Faith    .   (no shield)
rNeg    . . .      Spirit   .   b - +0 robe
rPois   .          Reflect  .   (helmet restricted)
rElec   .          Harm     .   (no cloak)
rCorr   .          Rampage  .   (gloves unavailable)
Will    .....                   (boots unavailable)
Stlth   +++.......              (no amulet)
HPRegen 0.06/turn               (no ring)
MPRegen 0.11/turn               (no ring)

@: very quick
A: very small, no large weapons, unfitting armour, see invisible, speed 3
a: no special abilities


You were on level 2 of the Dungeon.
You visited 1 branch of the dungeon, and saw 2 of its levels.

You collected 55 gold pieces.

Inventory:

Hand Weapons
 a - a +1 dagger (weapon)
Missiles
 g - 4 poisoned darts
 k - 4 curare-tipped darts (quivered)
 s - 7 stones
Armour
 b - a +0 robe (worn)
Scrolls
 c - a scroll of immolation {unknown}
 d - a scroll of identify {unknown}
 e - a scroll of enchant armour {unknown}
 f - a scroll of amnesia {unknown}
 h - a scroll of torment {unknown}
 i - a scroll of noise {unknown}
 j - a scroll of blinking {unknown}
 l - 2 scrolls of magic mapping {unknown}
 m - a scroll of fog {unknown}
Potions
 I - 2 potions of invisibility


   Skills:
 - Level 1.3 Fighting
 * Level 2.6 Short Blades
 - Level 3.0 Dodging
 + Level 4.8 Stealth
 - Level 2.6 Spellcasting
 - Level 3.6 Hexes


You had 2 spell levels left.
You knew the following spells:

 Your Spells              Type           Power      Damage    Failure   Level
a - Ensorcelled Hibernat  Hex/Ice        14%        N/A       14%         2
b - Confusing Touch       Hex            13%        N/A       13%         3

Your spell library contained the following spells:

 Spells                   Type           Power      Damage    Failure   Level
 Tukima's Dance           Hex            13%        N/A       13%         3
 Dazzling Flash           Conj/Hex       14%        N/A       28%         3


Dungeon Overview and Level Annotations

Branches:
Dungeon (2/15)

Altars:

Annotations:
D:2 Robin


Innate Abilities, Weirdness & Mutations

You are very small and have problems with some larger weapons.
You are too small for most types of armour.
You have supernaturally acute eyesight. (SInv)
You cover ground extremely quickly. (Speed+++)


Message History

The endoplasm quivers.
The hobgoblin misses you.
You completely miss the hobgoblin. The endoplasm freezes you.
You are frozen.
The hobgoblin completely misses you.
You take 1 damage, and have 17/18 hp.
You hit the hobgoblin. The endoplasm freezes you.
You are frozen.
The hobgoblin hits you but does no damage.
You take 3 damage, and have 14/18 hp.
You hit the endoplasm. The endoplasm completely misses you.
The hobgoblin barely misses you.
You hit the hobgoblin. The endoplasm misses you. The hobgoblin misses you.
You hit the endoplasm.
You kill the endoplasm!
The hobgoblin hits you.
You take 4 damage, and have 10/18 hp.
MASSIVE DAMAGE!!
You hit the hobgoblin. You hit the hobgoblin. The hobgoblin barely misses you.
You hit the hobgoblin.
You kill the hobgoblin!
You see here a hobgoblin corpse.
Your magical contamination has completely faded away.
A kobold comes into view. It is wielding a +0 club.
Health restored: 18; MP restored: 8 You can't see any susceptible monsters within range! (Use Z to cast anyway.) Unknown command.
The kobold shouts!
The kobold throws a stone.
The stone barely misses you.
You throw a curare-tipped dart. The curare-tipped dart hits the kobold.
The kobold is poisoned.
The kobold convulses.
You kill the kobold!
k - 4 curare-tipped darts (gained 1);
s - 7 stones (gained 4)
Things that are here:
a +0 club; a kobold corpse Done exploring.
Done exploring.
Search for what [? for help]?
Okay, then.
Search for what [? for help]?
Okay, then.
Search for what [? for help]? .
There is a stone staircase leading down here.
There is a stone staircase leading down here.
You climb downwards.
There is a stone staircase leading up here.
You see here a +0 helmet.
n - a +0 helmet
Okay, then.
You drop a +0 helmet.
Okay, then.
There is a stone staircase leading up here.
l - 2 scrolls labelled POMIEZ IROEG (gained 1)
There is a stone staircase leading up here.
You see here a +0 helmet.
A goblin comes into view. It is wielding a +0 dagger.
The goblin shouts!
You hear a shout!
Aim: a goblin, wielding a +0 dagger (chance to affect: 58%)
The goblin resists with significant effort.
You now have 6/8 mp.
Aim: a goblin, wielding a +0 dagger (chance to affect: 58%)
The goblin looks drowsy...
A goblin comes into view. It is wielding a +0 dagger.
You now have 4/8 mp.
You can't see any susceptible monsters within range! (Use Z to cast anyway.)
A goblin comes into view. It is wielding a +0 dagger.
The goblin shouts!
Aim: a goblin, wielding a +0 dagger (chance to affect: 58%)
Okay, then.
Robin of the Strong Arm comes into view.
They are wielding a +0 whip.
Robin shouts!
You hear a shout!
A hobgoblin comes into view.
The hobgoblin shouts!
You hear a shout!
The goblin shouts!
A hobgoblin comes into view.
Robin throws the goblin at you! The goblin closely misses you.
The goblin unwields a +0 dagger.
The goblin wields a +0 sling.
The goblin shoots a sling bullet.
The sling bullet hits you.
You take 5 damage, and have 13/18 hp.
MASSIVE DAMAGE!!
The hobgoblin shouts!
You closely miss the goblin.
Robin roars a battlecry!
The goblins go into a battle-frenzy!
The goblin unwields a +0 sling.
The goblin wields a +0 dagger.
The goblin closely misses you.
Okay, then.
You hit the goblin.
A hobgoblin comes into view.
The goblin hits you with a +0 dagger. The goblin misses you.
You take 1 damage, and have 12/18 hp.
You barely miss the goblin. The goblin hits you with a +0 dagger.
You take 4 damage, and have 8/18 hp.
MASSIVE DAMAGE!!
You barely miss the goblin. The goblin hits you with a +0 dagger.
* * * LOW HITPOINT WARNING * * *
The goblin hits you with a +0 dagger.
You die...

### .g#
#g# #g#
#.# #g#
#g# #g#
#@# ##g##
##...##
#.#.#.#
##....##
####...[##
+.......#
####...<#
##.#.###


You could see Robin, 3 hobgoblins and 3 goblins.

Vanquished Creatures
  A gnoll (D:1)
  3 dart slugs (D:1)
  3 ball pythons (D:1)
  An endoplasm (D:1)
  4 goblins (D:1)
  7 hobgoblins (D:1)
  2 frilled lizards (D:1)
  5 kobolds (D:1)
  4 rats (D:1)
30 creatures vanquished.

Notes
Turn   | Place    | Note
-------+----------+-------------------------------------------
     0 | D:1      | WillGOAT the Spriggan Enchanter began the quest for the
                  | Orb.
     0 | D:1      | Reached XP level 1. HP: 9/9 MP: 5/5
   173 | D:1      | Reached skill level 1 in Fighting
   406 | D:1      | Reached XP level 2. HP: 14/14 MP: 6/6
   587 | D:1      | Found a faded altar of an unknown god.
   906 | D:1      | Reached skill level 3 in Dodging
  1052 | D:1      | Reached skill level 2 in Short Blades
  1052 | D:1      | Reached XP level 3. HP: 7/18 MP: 8/8
  1319 | D:1      | Learned a level 2 spell: Ensorcelled Hibernation
  1653 | D:1      | Learned a level 3 spell: Confusing Touch
  2212 | D:2      | Noticed Robin
  2219 | D:2      | HP: 2/18 [goblin/+0 dagger[Robin] (6)]
  2219 | D:2      | Slain by a goblin

Illustrated notes

Levels and vault maps discovered:
D:1:      dpeg_arrival_erosion, layout_basic,
          hellmonk_ecumenical_altar_pennies_from_heaven
D:2:      layout_loops_corners, uniq_robin

Skill      XL: |  1  2 |
---------------+-------+-----
Fighting       | 1 |  1.3
Dodging        | 3 |  3.0
Short Blades   | 2 |  2.6
Stealth        | |  4.8
Spellcasting   | |  2.6
Hexes          | |  3.6

Action                   || total
-------------------------++-------
Melee: Dagger            ||    77
       Punch             ||     2
Throw: Stone             ||     9
       Dart              ||     8
 Cast: Ensorcelled Hiber ||    12
       Confusing Touch   ||     1
 Stab: Sleeping          ||     8
Armor: Robe              ||     3
Dodge: Dodged            ||    43

Table legend: (Time is in decaauts)
 A = Elapsed time spent in this place.
 B = Non-inter-level travel time spent in this place.
 C = Inter-level travel time spent in this place.
 D = Time resting spent in this place.
 E = Time spent auto-exploring this place.
 F = Levels seen in this place.
 G = Mean time per level.
                   A        B        C        D        E       F      G
               +--------+--------+--------+--------+--------+-----+--------+
         Total |   1816 |   1798 |     18 |    200 |   1264 |   2 |  908.0 |
       Dungeon |   1816 |   1798 |     18 |    200 |   1264 |   2 |  908.0 |
               +--------+--------+--------+--------+--------+-----+--------+

Top non-repeatable levels by time:
     D:1: 1795 daAuts
     D:2: 20 daAuts

Table legend:
 A = Kills in this place as a percentage of kills in entire the game.
 B = Kills by you in this place as a percentage of kills by you in the entire game.
 C = Kills by friends in this place as a percentage of kills by friends in the entire game.
 D = Other kills in this place as a percentage of other kills in the entire game.
 E = Experience gained in this place as a percentage of experience gained in the entire game.
 F = Experience gained in this place divided by the number of levels of this place that you have seen.
                   A       B       C       D       E      F
               +-------+-------+-------+-------+-------+----------------------
         Total | 100.0 | 100.0 |   N/A |   N/A | 100.0 |  35.0
       Dungeon | 100.0 | 100.0 |   N/A |   N/A | 100.0 |  35.0
               +-------+-------+-------+-------+-------+----------------------
